 Dungeon Crawl Stone Soup version 0.21.1-1-g345015f (webtiles) character file.

178 shakethe the Chopper (level 5, -2/41 HPs)
             Began as a Demonspawn Gladiator on Feb 25, 2018.
             Killed from afar by an orc wizard (6 damage)
             ... with a magic dart
             ... on level 3 of the Dungeon.
             The game lasted 00:03:37 (3391 turns).

shakethe the Chopper (Demonspawn Gladiator)         Turns: 3391, Time: 00:03:38

Health: -2/41      AC:  4    Str: 14    XL:     5   Next: 32%
Magic:  5/5        EV: 13    Int: 11    God:
Gold:   99         SH:  0    Dex: 14    Spells: 4/4 levels left

rFire    + . .     SeeInvis .   a - +0 war axe
rCold    . . .     Gourm    .   (no shield)
rNeg     . . .     Faith    .   b - +0 leather armour
rPois    .         Spirit   .   c - +0 helmet
rElec    .         Reflect  .   (no cloak)
rCorr    .         Harm     .   (no gloves)
MR       .....                  (no boots)
Stlth    +.........             (no amulet)
HPRegen  0.13/turn              (no ring)
MPRegen  0.09/turn              (no ring)

@: flying
A: demonic guardian 1, fire resistance 1
a: no special abilities


You were on level 3 of the Dungeon.
You were not hungry.

You visited 1 branch of the dungeon, and saw 3 of its levels.

You collected 99 gold pieces.

Inventory:

Hand Weapons
 a - a +0 war axe (weapon)
Missiles
 d - 3 throwing nets {=f, !d}
Armour
 b - a +0 leather armour (worn)
 c - a +0 helmet (worn)
Scrolls
 e - 2 scrolls of fear {unknown}
 g - 3 scrolls of remove curse {unknown}
 h - 3 scrolls of identify {unknown}
 i - a scroll of enchant weapon {unknown}
 j - 3 scrolls of teleportation {unknown}
 n - a scroll of magic mapping {unknown}
 o - a scroll of noise {unknown}
Potions
 k - a potion of might {unknown}
 m - a potion of degeneration {unknown}
 p - a potion of magic
 q - a potion of curing {unknown}
Books
 r - Jessica's Papyrus of the Voyage
   (You found it on level 2 of the Dungeon)

   Spells                             Type                      Level
   a - Shroud of Golubria             Charms/Translocation         2
Comestibles
 f - 4 rations


   Skills:
 + Level 3.4 Fighting
 * Level 4.7 Axes
 - Level 1.7 Throwing
 - Level 2.9 Dodging


You had 4 spell levels left.
You didn't know any spells.

Dungeon Overview and Level Annotations

Branches:
Dungeon (3/15)

Altars:
Gozag
Trog
Wu Jian
Yredelemnul


Innate Abilities, Weirdness & Mutations

A weak demonic guardian rushes to your aid.
Your flesh is heat resistant. (rF+)


Message History

The orc wizard flickers and vanishes!
Deactivating autopickup; reactivate with Ctrl-A.
The orc priest invokes the aid of Beogh against you.
You barely resist.
An orc comes into view. It is wielding a dagger.
You see here 22 bolts.
You hit the orc priest but do no damage.
You completely miss the quokka. The orc priest hits you with a war axe!
The quokka closely misses you.
You take 7 damage, and have 34/41 hp.
You slash the orc priest! You hit the quokka. The quokka closely misses you.
The orc priest hits you with a war axe. The quokka misses you.
You take 2 damage, and have 32/41 hp.
You closely miss the orc priest. You barely miss the quokka.
The orc priest barely misses you.
The quokka bites you but does no damage.
You barely miss the orc priest. You barely miss the quokka.
The quokka bites you. The orc priest hits you with a war axe.
The quokka closely misses you.
You take 6 damage, and have 26/41 hp.
You closely miss the orc priest. You closely miss the quokka.
The orc priest closely misses you. The quokka misses you.
You hit the orc priest.
You kill the orc priest!
You hit the quokka.
You kill the quokka!
The orc closely misses you.
You barely miss the orc. The orc hits you with a dagger.
You take 3 damage, and have 23/41 hp.
You are too injured to fight recklessly!
You are too injured to fight recklessly!
You are too injured to fight recklessly!
You are too injured to fight recklessly!
You hit the orc. You miss something. Something hits you but does no damage.
The orc barely misses you. Something hits you but does no damage.
You hit the orc.
You kill the orc!
You barely miss something. Something hits you.
You take 1 damage, and have 23/41 hp.
Something hits you but does no damage.
Items here: )) †† a dagger; a war axe; an orc corpse x2
You hear some strange, mumbled words.
A puff of flame appears from out of thin air!
The puff of flame misses you. Something hits you but does no damage.
You barely miss something.
You hear some strange, mumbled words.
You are confused.
You barely miss something. Something hits you.
You take 2 damage, and have 21/41 hp.
Something hits you.
Your quasit bites something but does no damage.
Your quasit barely misses something. x2
Something hits you.
You take 2 damage, and have 19/41 hp.
Your quasit disappears in a puff of smoke!
You hear some strange, mumbled words.
A puff of flame appears from out of thin air!
The puff of flame hits you! You resist.
You take 3 damage, and have 16/41 hp.
Unknown command.
You're too confused to move!
You're too confused to move!
You feel less confused.
You hear some strange, mumbled words.
Something tries to affect you, but you resist.
You hear some strange, mumbled words.
A puff of flame appears from out of thin air!
The puff of flame hits you! You resist.
You take 2 damage, and have 14/41 hp.
Something barely misses you.
A magic dart appears from out of thin air!
The magic dart hits you!
You see here a quokka corpse.
You take 1 damage, and have 13/41 hp.
You see here 22 bolts.
You hear some strange, mumbled words.
Something tries to affect you, but you resist.
You hear some strange, mumbled words.
A magic dart appears from out of thin air!
The magic dart hits you!
* * * LOW HITPOINT WARNING * * *
You take 6 damage, and have 7/41 hp.
Something hits you.
* * * LOW HITPOINT WARNING * * *
You see here a quokka corpse.
You take 4 damage, and have 3/41 hp.
It was a potion of magic.
Magic courses through your body. Something hits you but does no damage.
It was a potion of flight.
You feel very buoyant.
You fly up into the air.
Something hits you but does no damage.
You barely miss something. Something hits you but does no damage.
You hit something but do no damage. Something hits you but does no damage.
You miss something.
You hear some strange, mumbled words.
A magic dart appears from out of thin air!
The magic dart hits you!
You die...

##### ..# .# ....#
#####.##.# ###.#
....#.#.. # ..#.# #.
.P#.#.####.# ###.# # #..
#......#.## ..#.# #.#P.
#.........# #.#.#
#.######.......... ..#.#
##........{.......#
###.###......#.#@....#.##
...............()..### #
###.#######....##.##
###.# #.#..##.# #...##
#.......### ..#..###
#.#........ .##..†.#
#.#..####.#
..#..#.####....# #
#...##.##...##.#


There were no monsters in sight!

Vanquished Creatures
  A hound (D:2)
  An orc priest (D:3)
  2 adders
  3 worms
  4 dart slugs
  A leopard gecko (D:1)
  8 orcs (D:3)
  2 ball pythons
  3 giant cockroaches
  4 goblins
  4 hobgoblins
  3 jackals (D:2)
  5 quokkas
  11 bats
  3 frilled lizards
  3 kobolds
  5 rats
63 creatures vanquished.

Vanquished Creatures (collateral kills)
  Jessica (D:2)
  A leopard gecko (D:2)
2 creatures vanquished.

Grand Total: 65 creatures vanquished

Notes
Turn   | Place    | Note
-------+----------+-------------------------------------------
     0 | D:1      | shakethe the Demonspawn Gladiator began the quest for the Orb.
     0 | D:1      | Reached XP level 1. HP: 16/16 MP: 1/1
   160 | D:1      | HP: 4/16 [bat (1)]
   161 | D:1      | Reached skill level 3 in Axes
   475 | D:1      | Gained mutation: Your flesh is heat resistant. (rF+) [demonic ancestry]
   475 | D:1      | Reached XP level 2. HP: 11/22 MP: 2/2
  1245 | D:1      | You fall through a shaft!
  1252 | D:2      | Gained mutation: A weak demonic guardian rushes to your aid. [demonic ancestry]
  1252 | D:2      | Reached XP level 3. HP: 17/28 MP: 3/3
  1421 | D:2      | Found a basalt altar of Yredelemnul.
  1633 | D:2      | Found a bloodstained altar of Trog.
  1822 | D:2      | Reached XP level 4. HP: 33/34 MP: 4/4
  1844 | D:2      | Noticed Jessica
  1855 | D:2      | Killed Jessica
  1855 | D:2      | Reached skill level 3 in Fighting
  1855 | D:2      | Reached skill level 4 in Axes
  2012 | D:2      | Identified Jessica's Papyrus of the Voyage
  3046 | D:3      | Found an ornate altar of the Wu Jian Council.
  3127 | D:3      | Found an opulent altar of Gozag.
  3172 | D:3      | Reached XP level 5. HP: 35/41 MP: 5/5
  3385 | D:3      | HP: 7/41 [something/magic dart (6)]
  3386 | D:3      | HP: 3/41 [something (4)]
  3391 | D:3      | Killed from afar by an orc wizard

Skill      XL: |  1  2  3  4 |
---------------+-------------+-----
Axes           | 3 4 |  4.7
Fighting       | 3 |  3.4
Throwing       | |  1.7
Dodging        | |  2.9

Action                   |  1- 3 |  4- 6 || total
-------------------------+-------+-------++-------
Melee: War axe           |    89 |   123 ||   212
  Use: Potion            |       |     2 ||     2
 Stab: Sleeping          |     2 |       ||     2
       Distracted        |       |     1 ||     1
  Eat: Chunk             |     3 |     2 ||     5
       Ration            |       |     1 ||     1
Armor: Leather armour    |    34 |    54 ||    88
Dodge: Dodged            |    83 |   127 ||   210

Vault maps used:
D:1:      moated_graveyard_arrival
D:2:      overflow_temple_1_default, yredelemnul_altar_generic,
          serial_co_window_serial, co_window_paths_a, co_window_cross_1,
          co_window_corner_a, co_window_paths_a, co_window_of_opportunity_a,
          co_window_unsneaky_path_c, co_window_corner_b, co_window_corner_cb,
          co_window_corner_b, co_window_corner_b, co_window_broadway_a,
          glass_columns_a, glass_columns_c, glass_columns_c, first_ration,
          kennysheep_jessica_study
D:3:      nicolae_gozag_cash_rules_everything_around_me,
          overflow_temple_1_default, nicolae_overflow_hidden_temple,
          serial_aquarium, aquarium_bridge_long_joined, aquarium_window_corner,
          aquarium_window_corridor_3, aquarium_view_2d, aquarium_balcony_1b

Table legend:
 A = Turns spent in this place as a percentage of turns spent in the entire game.
 B = Non-inter-level travel turns spent in this place as a percentage of non-inter-level travel turns spent in the entire game.
 C = Inter-level travel turns spent in this place as a percentage of turns spent in this place.
 D = Turns resting spent in this place as a percentage of non-inter-level travel turns spent in this place.
 E = Turns spent auto-exploring this place as a percentage of non-inter-level travel turns spent in this place.
 F = Non-inter-level travel turns spent in this place divided by the number of levels of this place that you've seen.
                   A       B       C       D       E      F
               +-------+-------+-------+-------+-------+----------------------
         Total | 100.0 | 100.0 |   2.2 |  26.0 |  58.7 | 1105.3
       Dungeon | 100.0 | 100.0 |   2.2 |  26.0 |  58.7 | 1105.3
               +-------+-------+-------+-------+-------+----------------------

Table legend:
 A = Kills in this place as a percentage of kills in entire the game.
 B = Kills by you in this place as a percentage of kills by you in the entire game.
 C = Kills by friends in this place as a percentage of kills by friends in the entire game.
 D = Other kills in this place as a percentage of other kills in the entire game.
 E = Experience gained in this place as a percentage of experience gained in the entire game.
 F = Experience gained in this place divided by the number of levels of this place that you have seen.
                   A       B       C       D       E      F
               +-------+-------+-------+-------+-------+----------------------
         Total | 100.0 | 100.0 | 100.0 |   N/A | 100.0 |  85.0
       Dungeon | 100.0 | 100.0 | 100.0 |   N/A | 100.0 |  85.0
               +-------+-------+-------+-------+-------+----------------------
